AoeStats
← lordvios

Arena

508163888Analyzed
3v3 RM · 10d ago on Sep 21, 2026· 68m 19s· 6 players
Game mode
Random Map
Map size
Normal (6 player)
Population
200
Speed
Normal
Resources
Standard
Victory
Conquest
Starting age
Dark Age
Ending age
Imperial Age
RankedLock teamsTeams togetherTeam positionsShared explorationLock speedFull tech treeHidden civsTurbo modeCheats
Victory
Defeat
🇧🇷 Spanish · Brazil
1036
+12
🇦🇺 Celts · Australia
951
+16
🇲🇽 Aztecs · Mexico
713
+26
🇨🇴 Romans · Colombia
1000
-20
🇲🇽 Khmer · Mexico
923
-17
🇲🇽 Inca · Mexico
912
-17
lordvios
10:41 Feudal Age
13:26 Loom
16:30 Castle Age
16:05 Double-Bit Axe
16:02 Horse Collar
17:55 Wheelbarrow
24:52 Forging
24:42 Scale Mail Armor
26:54 Hand Cart
26:27 Town Watch
29:16 Iron Casting
28:56 Chain Mail Armor
28:35 Gold Mining
29:11 Town Patrol
30:35 Arson
30:50 Squires
30:36 Gambesons
30:12 Pikeman
30:24 Eagle Warrior
34:09 Imperial Age
34:21 Heavy Plow
34:33 Bow Saw
35:16 Conscription
35:50 Elite Skirmisher
37:41 Onager
39:24 Elite Jaguar Warrior
42:37 Garland Wars
45:29 Plate Mail Armor
48:25 Blast Furnace
62:01 Crop Rotation
66:41 Gold Shaft Mining
65:57 Stone Mining
66:01 Fletching
66:11 Padded Archer Armor
66:14 Atlatl
Tebano
8:00 Loom
10:17 Feudal Age
14:22 Castle Age
12:19 Horse Collar
14:06 Double-Bit Axe
20:58 Bow Saw
29:10 Imperial Age
28:36 Wheelbarrow
27:47 Town Watch
28:16 Forging
28:21 Scale Barding Armor
30:12 Iron Casting
29:31 Fletching
29:49 Husbandry
30:01 Bloodlines
30:04 Cavalier
31:13 Chain Barding Armor
34:31 Hand Cart
37:22 Blast Furnace
36:59 Plate Barding Armor
35:50 Paladin
36:58 Gambesons
37:13 Squires
36:59 Arson
38:04 Light Cavalry
38:29 Man-at-Arms
39:13 Scale Mail Armor
39:11 Bodkin Arrow
39:14 Long Swordsman
40:15 Caravan
41:06 Two-Handed Swordsman
42:38 Chain Mail Armor
42:34 Champion
47:50 Plate Mail Armor
46:43 Pikeman
49:03 Hussar
51:47 Conscription
53:23 Town Patrol
55:47 Bracer
55:48 Padded Archer Armor
60:48 Halberdier
61:44 Leather Archer Armor
68:55 Ring Archer Armor
HanzVermhat
5:00 Loom
9:56 Feudal Age
19:10 Castle Age
18:55 Double-Bit Axe
19:02 Stone Mining
18:53 Horse Collar
19:52 Wheelbarrow
19:05 Town Watch
22:27 Bow Saw
22:45 Fletching
23:06 Gold Mining
28:59 Hand Cart
29:30 Heavy Plow
34:00 Imperial Age
31:45 Forging
31:36 Scale Mail Armor
33:41 Iron Casting
34:25 Caravan
35:39 Chain Mail Armor
34:46 Capped Ram
36:27 Blast Furnace
34:49 Pikeman
35:15 Gambesons
35:53 Conscription
36:59 Plate Mail Armor
36:32 Siege Ram
36:59 Halberdier
39:59 Furor Celtica
40:11 Elite Woad Raider
45:23 Heavy Scorpion
55:46 Arson
jorgeluis s
11:41 Feudal Age
16:53 Castle Age
27:35 Caravan
34:47 Imperial Age
33:58 Horse Collar
34:10 Double-Bit Axe
34:39 Forging
34:30 Scale Mail Armor
34:35 Squires
34:20 Arson
36:12 Wheelbarrow
35:45 Fabric Shields
36:06 Elite Kamayuk
37:22 Chain Mail Armor
39:15 Plate Mail Armor
43:58 Fletching
61:29 Iron Casting
65:12 Blast Furnace
Roxhelll
11:39 Loom
13:36 Feudal Age
14:03 Double-Bit Axe
16:07 Gold Mining
15:58 Horse Collar
19:45 Castle Age
20:29 Heavy Plow
20:46 Bow Saw
21:09 Stone Mining
22:53 Gold Shaft Mining
25:00 Stone Shaft Mining
26:20 Crossbowman
29:18 Padded Archer Armor
29:09 Fletching
32:08 Imperial Age
31:23 Bodkin Arrow
31:44 Leather Archer Armor
32:55 Wheelbarrow
34:48 Ballistics
35:29 Chemistry
35:37 Elite Ballista Elephant
36:21 Double Crossbow
36:15 Arbalester
37:15 Onager
41:55 Heavy Scorpion
45:13 Man-at-Arms
46:15 Long Swordsman
48:40 Loom
52:12 Hand Cart
52:13 Masonry
52:29 Conscription
51:51 Pikeman
54:52 Hoardings
54:17 Two-Handed Swordsman
54:44 Arson
55:23 Scale Mail Armor
55:33 Forging
55:29 Scale Barding Armor
55:28 Bracer
55:58 Ring Archer Armor
54:58 Elite Skirmisher
66:56 Chain Mail Armor
67:18 Iron Casting
NaitoMareX
10:18 Feudal Age
14:02 Castle Age
11:54 Double-Bit Axe
12:49 Horse Collar
13:01 Gold Mining
14:00 Loom
15:33 Bow Saw
17:38 Wheelbarrow
21:09 Forging
22:15 Stone Mining
24:27 Heavy Plow
25:29 Town Watch
27:39 Fortified Wall
30:03 Imperial Age
28:23 Hand Cart
29:29 Gold Shaft Mining
29:16 Man-at-Arms
30:36 Ballistics
30:43 Scale Mail Armor
30:34 Long Swordsman
31:15 Squires
32:06 Chain Mail Armor
32:27 Iron Casting
33:16 Chemistry
32:23 Siege Engineers
33:42 Conscription
32:46 Elite Centurion
34:37 Blast Furnace
33:48 Fletching
34:38 Ballistas
34:47 Bodkin Arrow
34:16 Heavy Scorpion
36:06 Crop Rotation
35:34 Murder Holes
36:00 Scale Barding Armor
36:28 Masonry
35:53 Pikeman
35:57 Legionary
38:39 Chain Barding Armor
40:50 Comitatenses
41:10 Plate Barding Armor
40:58 Onager
41:05 Pikeman
41:32 Halberdier
45:12 Sappers
46:05 Devotion
60:00 Architecture
62:26 Guilds
Connection lost

Rejoining the realm…

Still unreachable

The connection could not be restored.

Session expired

The server has moved on; the page needs a fresh start.